 Dungeon Crawl Stone Soup version 0.29-a0-1009-g60c99734e7 (webtiles) character file.

Game seed: 16887309237912008995

35 zishaf the Grave Robber (level 3, -1/26 HPs)
             Began as a Human Necromancer on Aug 8, 2022.
             Succumbed to an adder's poison
             ... on level 2 of the Dungeon.
             The game lasted 00:01:59 (1177 turns).

zishaf the Grave Robber (Human Necromancer)         Turns: 1177, Time: 00:01:59

Health: -1/26      AC:  3    Str:  8    XL:     3   Next: 52%
Magic:  1/6        EV: 12    Int: 17    God:
Gold:   29         SH:  0    Dex: 13    Spells: 5/6 levels left

rFire   . . .      SeeInvis .   g - +0 dagger
rCold   . . .      Faith    .   (no shield)
rNeg    . . .      Spirit   .   a - +0 robe
rPois   .          Reflect  .   (no helmet)
rElec   .          Harm     .   (no cloak)
rCorr   .          Rampage  .   k - +0 pair of gloves
Will    .....                   (no boots)
Stlth   ++........              (no amulet)
HPRegen 0.08/turn               (no ring)
MPRegen 0.10/turn               (no ring)

@: lethally poisoned (-1 -> -17)
A: no striking features
a: no special abilities


You were on level 2 of the Dungeon.
You visited 1 branch of the dungeon, and saw 2 of its levels.

You collected 29 gold pieces.

Inventory:

Hand Weapons
 g - a +0 dagger (weapon)
Missiles
 m - 4 poisoned darts
Armour
 a - a +0 robe (worn)
 k - a +0 pair of gloves (worn)
Scrolls
 e - 3 scrolls of enchant weapon {unknown}
 h - a scroll of identify {unknown}
 i - a scroll of immolation {unknown}
 n - a scroll of poison {unknown}
Potions
 b - a potion of magic
 c - a potion of ambrosia {unknown}
 d - 2 potions of heal wounds
 f - a potion of lignification {unknown}
 j - 2 potions of flight {unknown}
 l - a potion of might {unknown}
 o - a potion of mutation {unknown}
 p - a potion of curing {unknown}
 q - a potion of cancellation {unknown}


   Skills:
 + Level 1.3 Fighting
 - Level 2.0 Dodging
 - Level 2.0 Stealth
 + Level 2.2 Spellcasting
 * Level 4.6 Necromancy


You had 5 spell levels left.
You knew the following spells:

 Your Spells              Type           Power      Damage    Failure   Level
a - Necrotise             Necr           68%        1d7       2%          1

Your spell library contained the following spells:

 Spells                   Type           Power      Damage    Failure   Level
 Vampiric Draining        Necr           17%        2d7       9%          3
 Animate Dead             Necr           17%        N/A       28%         4
 Dazzling Flash           Conj/Hex       2%         N/A       50%         3
 Agony                    Necr           17%        N/A       61%         5
 Silence                  Hex/Air        0%         N/A       99%         5


Dungeon Overview and Level Annotations

Branches:
Dungeon (2/15)

Altars:


Message History

You hit the adder.
The adder is severely wounded.
You feel very sick.
Your adder skeleton barely misses the adder.
The adder bites you but does no damage.
Your adder skeleton bites the adder.
It was a potion of heal wounds.
You feel much better.
You feel sick. The adder bites your adder skeleton.
Your adder skeleton bites the adder.
The adder bites your adder skeleton.
Your adder skeleton is destroyed!
The adder hisses angrily.
You closely miss the adder.
The adder is almost dead.
You feel sick. The adder bites you.
You are more poisoned.
The adder poisons you!
You hit the adder but do no damage.
The adder is almost dead.
You feel sick. The adder bites you but does no damage.
You miss the adder.
The adder is almost dead.
You feel sick. The adder bites you.
You are more poisoned.
The adder poisons you! The adder barely misses you.
You barely miss the adder.
The adder is almost dead.
You feel very sick. The adder bites you.
You are more poisoned.
The adder poisons you!
You hit the adder but do no damage.
The adder is almost dead.
* * * LOW HITPOINT WARNING * * *
You feel very sick. The adder bites you.
* * * LOW HITPOINT WARNING * * *
You are more poisoned.
The adder poisons you!
You closely miss the adder.
The adder is almost dead.
You die...

# # .#### ?# .
...# ..# ..#
#.####...#.
.).<##..........
#.............
##.#.##.@S.......
........##.#...#.
#......<# .# ..#
#.#..##)# .# .#
#. #.# .# # # #.#
.# ..# .. ###


You could see an adder.

Vanquished Creatures
  An adder (D:2)
  2 bats (D:1)
  An endoplasm (D:1)
  6 goblins
  3 hobgoblins (D:1)
  2 jackals (D:1)
  3 ball pythons (D:1)
  A kobold (D:1)
19 creatures vanquished.

Vanquished Creatures (collateral kills)
  2 endoplasms
  A ball python (D:1)
3 creatures vanquished.

Grand Total: 22 creatures vanquished

Notes
Turn   | Place    | Note
-------+----------+-------------------------------------------
     0 | D:1      | zishaf the Human Necromancer began the quest for the Orb.
     0 | D:1      | Reached XP level 1. HP: 13/13 MP: 3/3
   284 | D:1      | Reached XP level 2. HP: 20/20 MP: 3/5
   443 | D:1      | Reached skill level 1 in Fighting
   582 | D:1      | Found a faded altar of an unknown god.
   910 | D:1      | Reached XP level 3. HP: 26/26 MP: 2/6
  1177 | D:2      | Succumbed to an adder's poison

Illustrated notes

Levels and vault maps discovered:
D:1:      lemuel_arrival_hallway, layout_loops_cross,
          hellmonk_ecumenical_altar_inner_sanctum
D:2:      layout_loops_cross, serial_glass, glass_columns_a, glass_columns_b,
          due_unseen_surprise, minmay_strange_pillars, uniq_crazy_yiuf_cottage

Skill      XL: |  1  2 |
---------------+-------+-----
Fighting       | 1 |  1.3
Dodging        | |  2.0
Stealth        | |  2.0
Spellcasting   | |  2.2
Necromancy     | |  4.6

Action                   || total
-------------------------++-------
Melee: Unarmed           ||     2
       Dagger            ||    17
 Cast: Necrotise         ||    43
  Use: Potion            ||     1
Armor: Robe              ||     6
Dodge: Dodged            ||    14

Table legend: (Time is in decaauts)
 A = Elapsed time spent in this place.
 B = Non-inter-level travel time spent in this place.
 C = Inter-level travel time spent in this place.
 D = Time resting spent in this place.
 E = Time spent auto-exploring this place.
 F = Levels seen in this place.
 G = Mean time per level.
                   A        B        C        D        E       F      G
               +--------+--------+--------+--------+--------+-----+--------+
         Total |   1244 |   1225 |     19 |    142 |    904 |   2 |  622.0 |
       Dungeon |   1244 |   1225 |     19 |    142 |    904 |   2 |  622.0 |
               +--------+--------+--------+--------+--------+-----+--------+

Top non-repeatable levels by time:
     D:1: 1171 daAuts
     D:2: 73 daAuts
